 Dungeon Crawl Stone Soup version 0.27.0-1-g7a089689b8 (webtiles) character file.

Game seed: 4992070876336851544

34 Sobieck the Grasshopper (level 3, 0/16 HPs)
             Began as a Felid Warper on Aug 11, 2021.
             Slain by an adder (3 damage)
             ... on level 2 of the Dungeon.
             The game lasted 00:04:02 (2309 turns).

Sobieck the Grasshopper (Felid Warper)              Turns: 2309, Time: 00:04:02

Health: 0/16       AC:  1    Str:  8    XL:     3   Next: 14%
Magic:  7/7        EV: 17    Int: 14    God:
Gold:   89         SH:  0    Dex: 15    Spells: 6/6 levels left
                                        Lives:  0   Deaths: 0

rFire    . . .     SeeInvis +     - Unarmed
rCold    . . .     Faith    .   (shield unavailable)
rNeg     . . .     Spirit   .   (armour unavailable)
rPois    .         Reflect  .   (helmet unavailable)
rElec    .         Harm     .   (cloak unavailable)
rCorr    .         Rampage  .   (gloves unavailable)
Will     .....                  (boots unavailable)
Stlth    ++........             (no amulet)
HPRegen  0.05/turn              (no ring)
MPRegen  0.10/turn              (no ring)

@: quick
A: very small, claws 1, fangs 3, see invisible, speed 1, shaggy fur 1, stealthy
paws, no weapons or thrown items, no armour, multi-lived
a: no special abilities


You were on level 2 of the Dungeon.
You visited 1 branch of the dungeon, and saw 2 of its levels.

You collected 89 gold pieces.


Innate Abilities, Weirdness & Mutations

You have sharp claws.
You have razor-sharp teeth.
You have supernaturally acute eyesight. (SInv)
You cover ground quickly. (Speed+)
You are covered in fur. (AC +1)
Your paws help you pounce on unaware monsters.
You are incapable of wielding weapons or throwing items.
You cannot wear armour.
You gain extra lives every three experience levels.


   Skills:
 - Level 2.0 Fighting
 - Level 3.2 Dodging
 + Level 2.2 Stealth
 * Level 3.2 Unarmed Combat
 - Level 2.0 Spellcasting
 - Level 4.4 Translocations


You had 6 spell levels left.
You didn't know any spells.
Your spell library contained the following spells:

 Spells                   Type           Power      Damage    Failure   Level
 Blink                    Tloc           N/A        N/A       6%          2
 Gell's Gravitas          Tloc           6%         N/A       12%         3
 Lesser Beckoning         Tloc           6%         N/A       12%         3
 Teleport Other           Tloc           13%        N/A       12%         3
 Shock                    Conj/Air       4%         1d3       24%         1
 Ensorcelled Hibernation  Hex/Ice        2%         N/A       34%         2
 Spider Form              Tmut/Pois      0%         N/A       56%         3
 Swiftness                Air            1%         N/A       56%         3
 Manifold Assault         Tloc           13%        N/A       73%         5
 Airstrike                Air            0%         N/A       93%         4
 Shadow Creatures         Summ           N/A        N/A       100%        6

Inventory:

Scrolls
 a - 2 scrolls of blinking {!r}
 b - 2 scrolls of enchant weapon {unknown}
 e - a scroll of identify {unknown}
 f - a scroll of fog {unknown}
 i - a scroll of magic mapping {unknown}
Potions
 c - a potion of might {unknown}
 d - a potion of magic {unknown}
 g - a potion of heal wounds {unknown}
 h - a potion of brilliance {unknown}

Dungeon Overview and Level Annotations

Branches:
Dungeon (2/15)

Altars:

Shops:
D:1

=
#.........##...##.###......
#..............##.###......
#.........#..#.............
......#.##..........
###.##...##..........
##....................
##............###......
#..............##......
#....S@.....).†###.....
#.....)........# ##....
#..............# #####
#..............#
##$...........##
##..........## ############


You could see an adder.


Message History

You scratch the ball python.
You kill the ball python!
You see here a ball python corpse.
There is a stone staircase leading down here.
You start resting.
Unknown command.
You climb downwards.
There is a stone staircase leading up here.
Danger!
The kobold hits you with a +0 dagger.
You claw the kobold!
You kill the kobold!
Things that are here:
a +0 dagger {short}; 3 stones {throwing}
There is a stone staircase leading down here.
h - a brown potion You start resting.
Unknown command.
There is a stone staircase leading down here.
A rat is nearby!
Danger!
There is a stone staircase leading up here.
You scratch the rat but do no damage. The rat closely misses you.
You scratch the rat. The rat closely misses you.
You scratch the rat.
You kill the rat!
You have reached level 3!
Your experience leads to an increase in your attributes!
Increase (S)trength, (I)ntelligence, or (D)exterity?
You feel stronger.
Unknown command.
You now have 78 gold pieces (gained 15).
You now have 89 gold pieces (gained 11).
You pick up a book of Dreams and begin reading...
You add the spells Ensorcelled Hibernation, Spider Form and Shadow Creatures to your library.
Unknown command.
A goblin is nearby!
Danger!
Found a stone staircase leading down.
The goblin shouts!
The goblin misses you.
You completely miss the goblin. You bite the goblin.
The goblin completely misses you.
You claw the goblin!
You kill the goblin!
No target in view!
Things that are here:
a +0 club {mace}; a goblin corpse
There is a stone staircase leading down here.
a - 2 scrolls of blinking {!r} (gained 1)
A ball python comes into view.
The ball python hisses angrily.
Danger!
The ball python barely misses you. The ball python completely misses you.
You barely miss the ball python. The ball python bites you.
The ball python misses you.
You claw the ball python!
You kill the ball python!
No target in view!
A bat comes into view.
Danger!
You pounce on the unaware helpless bat!
You claw the bat!
You kill the bat!
Unknown command.
A quokka comes into view.
Danger!
You pounce on the unaware helpless quokka!
You claw the quokka!
You kill the quokka!
i - a scroll labelled HESECZEROW An adder comes into view.
Danger!
The adder hisses angrily.
You see here a +0 hand axe {axe}.
The adder bites you.
You closely miss the adder. The adder barely misses you.
The adder bites you but does no damage.
Unknown command.
You miss the adder. The adder barely misses you.
You miss the adder. The adder barely misses you.
Unknown command.
You closely miss the adder. Your bite misses the adder. The adder misses you.
You scratch the adder. The adder bites you.
Unknown command.
You scratch the adder. The adder completely misses you. The adder bites you.
You closely miss the adder. The adder closely misses you.
Unknown command.
You barely miss the adder. The adder closely misses you.
You barely miss the adder. The adder bites you.
* * * LOW HITPOINT WARNING * * *
Unknown command.
You miss the adder. The adder closely misses you.
Unknown command.
You barely miss the adder. The adder barely misses you. The adder misses you.
Unknown command.
You miss the adder. The adder bites you.
* * * LOW HITPOINT WARNING * * *
Unknown command.
You barely miss the adder. You bite the adder. The adder barely misses you.
Unknown command.
You scratch the adder. Your bite misses the adder. The adder bites you.
You die...

Skill      XL: |  1  2 |
---------------+-------+-----
Stealth        | 1 2 |  2.2
Unarmed Combat | 3 |  3.2
Fighting       | |  2.0
Dodging        | |  3.2
Spellcasting   | |  2.0
Translocations | |  4.4

Action                   || total
-------------------------++-------
Melee: Unarmed           ||   111
       Bite              ||    11
 Stab: Sleeping          ||     5
Armor: Skin              ||     5
Dodge: Dodged            ||    86

Levels and vault maps discovered:
D:1:      minmay_arrival_up_and_down, layout_basic, serial_shops,
          nicolae_shop_waterfront
D:2:      layout_rooms, minmay_misc_feat_rows

Notes
Turn   | Place    | Note
-------+----------+-------------------------------------------
     0 | D:1      | Sobieck the Felid Warper began the quest for the Orb.
     0 | D:1      | Reached XP level 1. HP: 9/9 MP: 4/4
    31 | D:1      | HP: 2/9 [jackal (2)]
    54 | D:1      | HP: 1/9 [jackal (2)]
   335 | D:1      | Reached skill level 1 in Stealth
   618 | D:1      | Found Cescho's Jewellery Emporium.
   842 | D:1      | Reached XP level 2. HP: 11/13 MP: 6/6
  1476 | D:1      | You pick up a book of Air and begin reading...
  1476 | D:1      | You add the spells Shock, Swiftness and Airstrike to your
                  | library.
  1545 | D:2      | Reached skill level 3 in Unarmed Combat
  1606 | D:2      | Reached skill level 2 in Stealth
  2054 | D:2      | Reached XP level 3. HP: 16/16 MP: 7/7
  2087 | D:2      | You pick up a book of Dreams and begin reading...
  2087 | D:2      | You add the spells Ensorcelled Hibernation, Spider Form and
                  | Shadow Creatures to your library.
  2307 | D:2      | HP: 3/16 [adder (4)]
  2309 | D:2      | Slain by an adder

Vanquished Creatures
  A dart slug (D:1)
  A bat (D:2)
  2 endoplasms (D:1)
  A giant cockroach (D:2)
  3 goblins
  4 hobgoblins (D:1)
  3 jackals (D:1)
  2 quokkas (D:2)
  2 ball pythons
  A frilled lizard (D:1)
  4 kobolds
  4 rats
28 creatures vanquished.

Table legend:
 A = Non-vault XP
 B = Vault XP
 C = Vault XP percentage of total XP
 D = Non-vault monster count
 E = Vault monster count
 F = Vault count percentage of total count
                 A         B        C        D         E       F
            +---------+---------+-------+---------+---------+-------
      Total |      49 |       0 |   0.0 |      28 |       0 |   0.0
            +---------+---------+-------+---------+---------+-------
        D:1 |      34 |       0 |   0.0 |      19 |       0 |   0.0
        D:2 |      15 |       0 |   0.0 |       9 |       0 |   0.0
            +---------+---------+-------+---------+---------+-------

Illustrated notes

Table legend:
 A = Kills in this place as a percentage of kills in entire the game.
 B = Kills by you in this place as a percentage of kills by you in the entire game.
 C = Kills by friends in this place as a percentage of kills by friends in the entire game.
 D = Other kills in this place as a percentage of other kills in the entire game.
 E = Experience gained in this place as a percentage of experience gained in the entire game.
 F = Experience gained in this place divided by the number of levels of this place that you have seen.
                   A       B       C       D       E      F
               +-------+-------+-------+-------+-------+----------------------
         Total | 100.0 | 100.0 |   N/A |   N/A | 100.0 |  24.5
       Dungeon | 100.0 | 100.0 |   N/A |   N/A | 100.0 |  24.5
               +-------+-------+-------+-------+-------+----------------------

Table legend: (Time is in decaauts)
 A = Elapsed time spent in this place.
 B = Non-inter-level travel time spent in this place.
 C = Inter-level travel time spent in this place.
 D = Time resting spent in this place.
 E = Time spent auto-exploring this place.
 F = Levels seen in this place.
 G = Mean time per level.
                   A        B        C        D        E       F      G
               +--------+--------+--------+--------+--------+-----+--------+
         Total |   2071 |   2038 |     33 |    925 |    764 |   2 | 1035.5 |
       Dungeon |   2071 |   2038 |     33 |    925 |    764 |   2 | 1035.5 |
               +--------+--------+--------+--------+--------+-----+--------+

Top non-repeatable levels by time:
     D:1: 1648 daAuts
     D:2: 423 daAuts
